 Dungeon Crawl Stone Soup version 0.32-a0-799-g95e1662365 (webtiles) character file.

Game seed: 17187235935291443945

12341 ezpacito the Fighter (level 11, -2/129 HPs)
             Began as a Coglin Chaos Knight on Mar 21, 2024.
             Was a Plaything of Xom.
             Killed by vampiric draining
             ... invoked by a vampire
             ... summoned by Xom
              (15 damage)
             ... on level 11 of the Dungeon.
             The game lasted 00:17:52 (11934 turns).

ezpacito the Fighter (Coglin Chaos Knight)         Turns: 11934, Time: 00:17:53

Health: -2/129     AC: 25    Str: 16    XL:     11   Next: 91%
Magic:  13/13      EV:  2    Int: 11    God:    Xom [......]
Gold:   851        SH:  0    Dex: 13    Spells: 5/18 levels left

rFire   + + .        g - +2 flail of Jocvof {freeze, *Slow rPois rF++ rCorr}
rCold   . . .        F - +7 mace of the Fray {speed, rPois}
rNeg    . . .        j - melded +6 scale mail of Snakes and Ladders {Fly rPois Dex+9 Stlth-}
rPois   +            x - melded +0 helmet
rElec   .            S - melded +0 cloak
rCorr   +            P - melded +0 pair of gloves
SInv    .            l - melded +0 pair of boots
Will    .....        (no amulet)
Stlth   +            (no ring)
HPRegen 0.41/turn    (no ring)
MPRegen 0.13/turn    (no gizmo)

%: slow self (1%)
@: confused, tree-form, revved
A: stationary, stasis, torment immunity, boosted hp, off-hand wielding, slow
wielding, warmup strikes, (no jewellery), (iridescent scales 1), dopey 1, low MP
2, (cold vulnerability 1)
a: Invent Gizmo, Renounce Religion


You were on level 11 of the Dungeon.
You worshipped Xom.
You were a very special plaything of Xom.
You were a tree.
You visited 2 branches of the dungeon, and saw 12 of its levels.
You also visited: Sewer and Ossuary.

You collected 1934 gold pieces.
You spent 1083 gold pieces at shops.

Inventory:

Hand Weapons
 a - a +0 hand axe of chaos {Gaius}
 g - the +2 flail of Jocvof (weapon) {freeze, *Slow rPois rF++ rCorr}
   (You found it on level 8 of the Dungeon)

   rF++:      It greatly protects you from fire.
   rPois:     It protects you from poison.
   rCorr:     It protects you from acid and corrosion.
   *Slow:     It may slow you when you take damage.
 m - a +0 war axe {Arun}
 F - the +7 mace of the Fray (offhand) {speed, rPois}
   (You found it on level 6 of the Dungeon)

   rPois:     It protects you from poison.
 G - a +7 hand axe of draining {Wira}
 U - the +7 rapier "Arcanum" {venom, MP+9}
   (You found it on level 9 of the Dungeon)

   MP+9:      It affects your magic capacity (+9).
Missiles
 B - 51 poisoned darts (quivered)
Armour
 j - the +6 scale mail of Snakes and Ladders (melded) {Fly rPois Dex+9 Stlth-}
   (You acquired it on level 9 of the Dungeon)

   Dex+9:     It affects your dexterity (+9).
   rPois:     It protects you from poison.
   Fly:       It grants you flight.
   Stlth-:    It makes you less stealthy.
 l - a +0 pair of boots (melded)
 x - a +0 helmet (melded)
 A - a +0 plate armour
 O - a +4 scale mail of fire resistance
 P - a +0 pair of gloves (melded)
 S - a +0 cloak (melded)
Magical Staves
 K - a staff of earth
Talismans
 C - a blade talisman
Wands
 y - a wand of roots (9)
 z - a wand of mindburst (11)
 Q - a wand of quicksilver (7)
 T - a wand of flame (16)
Scrolls
 d - a scroll of amnesia
 e - 2 scrolls of vulnerability
 f - 6 scrolls of fog
 i - 2 scrolls of identify
 k - 3 scrolls of noise
 t - a scroll of teleportation
 u - 3 scrolls of revelation
 M - 3 scrolls of poison
Potions
 b - 4 potions of enlightenment
 p - 6 potions of brilliance
 v - 3 potions of lignification
 J - a potion of attraction
 L - a potion of magic
Miscellaneous
 H - a box of beasts
 N - a sack of spiders


   Skills:
 * Level 8.2 Fighting
 * Level 8.1(8.8) Axes
 + Level 4.7(6.7) Polearms
 * Level 7.2 Armour
 * Level 6.9 Dodging
 + Level 4.4 Stealth
 - Level 0.1 Unarmed Combat
 + Level 4.0 Spellcasting
 + Level 4.9 Alchemy
 + Level 6.0 Evocations


You had 5 spell levels left.
You knew the following spells:

 Your Spells              Type           Power      Damage    Failure   Level
a - Sting                 Conj/Alch      28%        1d4       9%          1
b - Mercury Vapours       Alch/Air       14%        N/A       13%         2
c - Olgreb's Toxic Radia  Alch           12%        N/A       32%         4
d - Sculpt Simulacrum     Ice/Alch       3%         N/A       100%        6

Your spell library contained the following spells:

 Spells                   Type           Power      Damage    Failure   Level
 Hailstorm                Conj/Ice       2%         3d5       56%         3
 Summon Ice Beast         Ice/Summ       2%         N/A       56%         3
 Vhi's Electric Charge    Tloc/Air       4%         N/A       93%         4
 Arcjolt                  Conj/Air       1%         1d11      100%        5
 Permafrost Eruption      Ice/Erth       1%         2x4d2     100%        6
 Ozocubu's Refrigeration  Ice            1%         4d7       100%        7
 Maxwell's Capacitive Co  Air            1%         ∞         100%        8
 Polar Vortex             Ice            1%         N/A       100%        9


Dungeon Overview and Level Annotations

Branches:
Dungeon (11/15)            Temple (1/1) D:4            Lair (0/5) D:8
    Orc (0/2) D:11          Sewer (visited)         Ossuary (visited)

Altars:
Ashenzari
Cheibriados
Dithmenos
Elyvilon
Fedhas
Gozag
Hepliaklqana
Kikubaaqudgha
Makhleb
Nemelex Xobeh
Okawaru
Qazlal
Ru
Sif Muna
Trog
Uskayaw
Vehumet
Wu Jian
Xom
Yredelemnul
Zin
The Shining One

Shops:
D:4 [   D:6 *

Annotations:
D:5 2 transporters, Vadun's ghost, novice TrMo
Temple 2 transporters


Innate Abilities, Weirdness & Mutations

You are a tree.
Your roots penetrate the ground, keeping you stationary.
You cannot be teleported.
You are immune to unholy pain and torment.
Your maximum health is greatly increased.
Your equipment is partially melded.
You can wield a second weapon in your off-hand.
It takes a long time for you to wield or remove held weapons.
Your first few attacks do less damage.
((You cannot equip rings or amulets.))
((You are partially covered in iridescent scales. (AC +2)))
You are dopey. (Int -2)
Your magical capacity is very low. (-20% MP)
((You are vulnerable to cold. (rC-)))


Message History

You sock something with the +7 mace of the Fray!
You hit something but do no damage. The komodo dragon bites you.
Something hits you. Something bites you but does no damage.
You take 5 damage, and have 45/86 hp.
You hit something with the +2 flail of Jocvof.
You miss something with the +7 mace of the Fray.
The komodo dragon bites you!!
* * * LOW HITPOINT WARNING * * *
You hear some strange, mumbled words.
You are confused.
You take 23 damage, and have 22/86 hp.
MASSIVE DAMAGE!!
You are too confused!
You turn into a tree.
Your +0 cloak melds into your body.
Your +0 helmet melds into your body.
Your +0 pair of gloves melds into your body.
Your +0 pair of boots melds into your body.
The +6 scale mail of Snakes and Ladders {Fly rPois Dex+9 Stlth-} melds into your body.
You float gracefully downwards.
Your roots penetrate the ground.
The komodo dragon bites you!
* * * LOW HITPOINT WARNING * * *
Something hits you but does no damage. Something bites you but does no damage.
You now have 27/129 hp.
You cannot move. (Use ctrl+direction or * direction to attack while stationary and confused.)
You cannot move. (Use ctrl+direction or * direction to attack while stationary and confused.)
You cannot move. (Use ctrl+direction or * direction to attack while stationary and confused.)
You cannot move. (Use ctrl+direction or * direction to attack while stationary and confused.)
You sock the komodo dragon with the +2 flail of Jocvof!
The komodo dragon seems to slow down.
You freeze the komodo dragon.
The komodo dragon is severely wounded.
You hit the komodo dragon with the +7 mace of the Fray.
The komodo dragon bites you!
* * * LOW HITPOINT WARNING * * *
Something hits you but does no damage. Something bites you but does no damage.
You take 14 damage, and have 13/129 hp.
You hit the komodo dragon but do no damage.
The komodo dragon is almost dead.
You miss the komodo dragon with the +7 mace of the Fray.
Something draws life force from you!
You die... "Boring in life, boring in death..."

...# #....# .... ...# #....# ....
...# #....# .... ...# #....# #...
...# #....# +##
...############....# ..#
..^.........>......# ..
...................# .
.....####.......♣..#
.....#..###....l{..#
.....#....#........#
.....+....'........#
#....#....#........# #
#....#....#........# ..
#....######........# ..
#..................##############
.................................


You could see a komodo dragon (summoned, slow).

Vanquished Creatures
  A death yak (D:10)
  3 two-headed ogres
  A gargoyle (D:10)
  2 trolls
  A polar bear (D:10)
  Prince Ribbit (D:6)
  A hornet (D:8)
  3 centaur simulacra (D:10)
  A shadow (D:6)
  2 wraiths
  A wyvern (D:8)
  An unseen horror simulacrum (D:10)
  11 yaks
  A basilisk (D:8)
  2 water moccasins
  Duvessa (D:7)
  5 orc warriors
  A meliai simulacrum (D:10)
  4 ice beasts
  4 black bears
  A wolf (D:10)
  4 centaurs
  4 kobold brigands
  3 bullfrogs
  A brain worm (shapeshifter) (D:8)
  2 brain worms (Sewer)
  3 scorpions
  9 wights
  Dowan (D:7)
  2 killer bees
  3 electric eels (D:10)
  3 howler monkeys
  A bombardier beetle (D:4)
  6 orc priests
  2 gnoll boudas (D:9)
  3 jellies
  A sleepcap (D:7)
  4 hounds
  3 iguanas
  8 orc wizards
  8 mummies (Ossuary)
  Robin (D:3)
  10 gnolls
  4 river rats
  6 adders
  A shadow imp (D:5)
  5 white imps
  3 ufetubi
  2 dart slugs
  A ribbon worm (D:9)
  34 orcs
  8 ball pythons
  4 bats (D:1)
  4 endoplasms
  5 giant cockroaches
  A gnoll zombie (Ossuary)
  17 goblins
  7 hobgoblins
  19 kobolds
  A quokka (D:3)
  6 frilled lizards (Sewer)
  4 kobold zombies (Ossuary)
  3 orc zombies (Ossuary)
  10 rats
275 creatures vanquished.

Vanquished Creatures (collateral kills)
  A two-headed ogre (D:11)
  A water moccasin (D:5)
  An ice beast (D:10)
  A gnoll sergeant (D:11)
  A hound (D:4)
  A gnoll bouda (D:10)
  An orc wizard (D:11)
  3 gnolls
  A shadow imp (D:5)
  2 white imps (D:10)
  3 orcs
  2 kobolds (D:10)
18 creatures vanquished.

Grand Total: 293 creatures vanquished

Notes
Turn   | Place    | Note
-------+----------+-------------------------------------------
     0 | D:1      | ezpacito the Coglin Chaos Knight began the quest for the
                  | Orb.
     0 | D:1      | Reached XP level 1. HP: 18/18 MP: 1/1
    63 | D:1      | Reached skill level 1 in Dodging
   203 | D:1      | Reached XP level 2. HP: 12/24 MP: 2/2
   426 | D:1      | XOM: silly message
   787 | D:2      | Reached XP level 3. HP: 17/29 MP: 3/3
   848 | D:2      | Found a shimmering blue altar of Sif Muna.
  1425 | D:3      | XOM: give mutations
  1425 | D:3      | Gained mutation: You occasionally lose the ability to drink
                  | potions when taking damage. [Xom's mischief]
  1425 | D:3      | Gained mutation: You possess an exceptional clarity of
                  | mind. [Xom's mischief]
  1425 | D:3      | Gained mutation: Your spells are a little easier to cast,
                  | but a little less powerful. [Xom's mischief]
  1425 | D:3      | Gained mutation: You have a pair of small horns on your
                  | head. [Xom's mischief]
  1488 | D:3      | Reached XP level 4. HP: 31/35 MP: 5/5
  1490 | D:3      | Found a glowing drain.
  1494 | Sewer    | Entered a sewer
  1569 | Sewer    | Reached skill level 1 in Stealth
  1583 | Sewer    | Noticed a brain worm
  1584 | Sewer    | XOM: potion effect (berserk rage)
  1585 | Sewer    | Killed a brain worm
  1586 | Sewer    | Reached skill level 1 in Polearms
  1586 | Sewer    | Reached skill level 1 in Spellcasting
  1586 | Sewer    | Reached XP level 5. HP: 41/41 MP: 6/6
  1648 | Sewer    | Reached XP level 6. HP: 27/48 MP: 4/7
  2093 | D:3      | XOM: 5-stop teleportation journey
  2220 | D:3      | Noticed Robin
  2236 | D:3      | Killed Robin
  2865 | D:3      | XOM: give mutations
  2865 | D:3      | Gained mutation: Your magical capacity is low. (-10% MP)
                  | [Xom's mischief]
  2865 | D:3      | Lost mutation: You have a pair of small horns on your head.
                  | [Xom's mischief]
  2865 | D:3      | Gained mutation: You are covered in fur. (AC +1) [Xom's
                  | mischief]
  3360 | D:4      | XOM: torment (25/48 hp)
  3490 | D:4      | XOM: summons friendly crimson imp
  3507 | D:4      | Found a blossoming altar of Fedhas.
  3572 | D:4      | XOM: 1-stop teleportation journey
  3717 | D:4      | Reached XP level 7. HP: 48/54 MP: 8/8
  3719 | D:4      | Learned a level 1 spell: Sting
  3722 | D:4      | Learned a level 2 spell: Mercury Vapours
  3727 | D:4      | Learned a level 4 spell: Olgreb's Toxic Radiance
  3741 | D:4      | Found an ancient bone altar of Kikubaaqudgha.
  3790 | D:4      | Found a staircase to the Ecumenical Temple.
  3807 | D:4      | Found Zeteoggo's Armour Boutique.
  3822 | Temple   | Found a transporter.
  3822 | Temple   | Found a transporter.
  3822 | Temple   | Found a transporter.
  3822 | Temple   | Found a transporter.
  3822 | Temple   | Entered the Ecumenical Temple
  3855 | D:4      | XOM: summons 1 hostile demon
  4064 | D:4      | Reached skill level 1 in Evocations
  4630 | D:5      | Entered Level 5 of the Dungeon
  4682 | D:5      | XOM: cast spell 'Animate Armour'
  4743 | D:5      | XOM: cast spell 'Metabolic Englaciation'
  4808 | D:5      | XOM: divination: detect items
  4817 | D:5      | Noticed Vadun's ghost (novice TrMo)
  4819 | D:5      | Reached skill level 1 in Alchemy
  4916 | D:5      | XOM: 1-stop teleportation journey
  4962 | D:5      | Reached XP level 8. HP: 49/61 MP: 9/9
  5033 | D:5      | Found a transporter.
  5033 | D:5      | Found a transporter.
  5163 | D:5      | XOM: divination: detect creatures
  5193 | D:5      | XOM: divination: detect items
  5405 | D:5      | XOM: scenery: 2 doors close
  5432 | D:5      | XOM: give mutations
  5432 | D:5      | Gained mutation: You have a pair of small horns on your
                  | head. [Xom's grace]
  5432 | D:5      | Gained mutation: You are strong-willed. (Will+) [Xom's
                  | grace]
  5432 | D:5      | Gained mutation: You are partially covered in iridescent
                  | scales. (AC +2) [Xom's grace]
  5465 | D:5      | XOM: silly message
  5576 | D:6      | XOM: fog
  5624 | D:6      | Found an iron altar of Okawaru.
  5628 | D:6      | Identified the +7 mace of the Fray {speed, rPois}
  5646 | D:6      | Noticed Prince Ribbit
  5648 | D:6      | XOM: cast spell 'Cause Fear'
  5661 | D:6      | XOM: enchant monster (good)
  5664 | D:6      | Reached skill level 5 in Fighting
  5713 | D:6      | Reached skill level 5 in Axes
  5923 | D:6      | XOM: divination: detect creatures
  6071 | D:6      | Found a shimmering blue altar of Sif Muna.
  6080 | D:6      | Found a stormy altar of Qazlal.
  6082 | D:6      | Killed Prince Ribbit
  6083 | D:6      | Reached XP level 9. HP: 64/68 MP: 11/11
  6109 | D:6      | XOM: enchant monster (good)
  6296 | D:6      | XOM: enchant monster (good)
  6492 | D:6      | Found Riot's Assorted Antiques.
  6520 | D:6      | Bought a scroll labelled DIJ JAEMENAMA for 27 gold pieces
  6520 | D:6      | Bought a scroll labelled KIRHIU COVO for 27 gold pieces
  6520 | D:6      | Bought a scroll of identify for 54 gold pieces
  6520 | D:6      | Bought a glowing hand axe for 162 gold pieces
  6580 | D:6      | XOM: god gift: box of beasts
  6589 | D:6      | Learned a level 6 spell: Sculpt Simulacrum
  6650 | D:7      | XOM: god gift: wand of roots (5)
  6699 | D:7      | Reached skill level 5 in Armour
  6745 | D:7      | XOM: cloud trail
  6804 | D:7      | Found a sand-covered staircase.
  6809 | Ossuary  | Entered an ossuary
  6832 | Ossuary  | XOM: confuse monster(s)
  7347 | D:7      | Noticed Duvessa
  7347 | D:7      | Noticed Dowan
  7348 | D:7      | XOM: scenery: create altars
  7354 | D:7      | Killed Duvessa
  7355 | D:7      | Killed Dowan
  7442 | D:7      | XOM: scenery: create altars
  7575 | D:7      | XOM: god gift: 1063 gold pieces
  7642 | D:7      | XOM: cloud trail
  7866 | D:7      | XOM: god gift: wand of quicksilver (7)
  7882 | D:7      | XOM: god gift: sack of spiders
  7940 | D:7      | XOM: silly message
  8022 | D:7      | Found a broken altar of Ashenzari.
  8161 | D:4      | Bought a +1 scale mail of fire resistance for 192 gold
                  | pieces
  8161 | D:4      | Bought a +0 pair of gloves for 54 gold pieces
  8273 | D:6      | Bought a potion of ambrosia for 216 gold pieces
  8273 | D:6      | Bought a potion of lignification for 81 gold pieces
  8273 | D:6      | Bought a potion of haste for 270 gold pieces
  8473 | D:8      | Found a staircase to the Lair.
  8478 | D:8      | Reached skill level 5 in Dodging
  8479 | D:8      | Reached XP level 10. HP: 53/76 MP: 12/12
  8479 | D:8      | XOM: enchant monster (good)
  8480 | D:8      | XOM: scenery: summon butterflies
  8588 | D:8      | XOM: draining
  8779 | D:8      | XOM: 3-stop teleportation journey
  8842 | D:8      | Identified the +2 flail of Jocvof {freeze, *Slow rPois rF++
                  | rCorr}
  8847 | D:8      | an ice beast changed into a glowing shapeshifter
  8847 | D:8      | Noticed a glowing shapeshifter (glowing shapeshifter)
  8847 | D:8      | XOM: polymorph ice beast -> glowing shapeshifter
  8847 | D:8      | a glowing shapeshifter changed into a bullfrog
  8852 | D:8      | XOM: smoke on damage
  9253 | D:8      | XOM: silly message
  9675 | D:9      | XOM: cloud trail
  9697 | D:9      | XOM: chaos cloud
  9848 | D:9      | XOM: draining
  9854 | D:9      | Identified the +7 rapier "Arcanum" {venom, MP+9}
  9869 | D:9      | XOM: give mutations
  9869 | D:9      | Lost mutation: You have a pair of small horns on your head.
                  | [Xom's mischief]
  9869 | D:9      | Gained mutation: You are dopey. (Int -2) [Xom's mischief]
  9869 | D:9      | Lost mutation: You are covered in fur. (AC +1) [Xom's
                  | mischief]
  9890 | D:9      | XOM: give mutations
  9890 | D:9      | Gained mutation: Your flesh is cold resistant. (rC+) [Xom's
                  | mischief]
  9890 | D:9      | Gained mutation: Your magical capacity is very low. (-20%
                  | MP) [Xom's mischief]
  9890 | D:9      | Lost mutation: You are strong-willed. (Will+) [Xom's
                  | mischief]
  9890 | D:9      | Lost mutation: Your flesh is cold resistant. (rC+) [Xom's
                  | mischief]
  9890 | D:9      | Gained mutation: You are vulnerable to cold. (rC-) [Xom's
                  | mischief]
  9973 | D:9      | Found a snail-covered altar of Cheibriados.
 10004 | D:9      | Identified a scroll of acquirement
 10004 | D:9      | Acquired the +6 scale mail of Snakes and Ladders {Fly rPois
                  | Dex+9 Stlth-}
 10059 | D:10     | Entered Level 10 of the Dungeon
 10107 | D:10     | Reached skill level 5 in Evocations
 10135 | D:10     | Noticed a death yak
 10143 | D:10     | Reached XP level 11. HP: 37/82 MP: 12/12
 10145 | D:10     | Killed a death yak
 10435 | D:10     | XOM: 2-stop teleportation journey
 10450 | D:10     | XOM: smoke on damage
 10469 | D:10     | XOM: 2-stop teleportation journey
 10551 | D:10     | XOM: silly message
 10639 | D:10     | Noticed a two-headed ogre
 10639 | D:10     | XOM: 2-stop teleportation journey
 10645 | D:10     | Killed a two-headed ogre
 10690 | D:10     | XOM: butterfly on damage
 10879 | D:10     | XOM: stat loss: -1 Dex (21/22)
 10910 | D:10     | XOM: noise
 11242 | D:11     | Noticed a two-headed ogre
 11249 | D:11     | Found a staircase to the Orcish Mines.
 11251 | D:11     | Killed a two-headed ogre
 11565 | D:11     | Noticed a boulder beetle
 11572 | D:11     | Noticed a two-headed ogre
 11572 | D:11     | XOM: 4-stop teleportation journey
 11573 | D:11     | XOM: stat loss: -1 Dex (21/22)
 11580 | D:11     | Killed a two-headed ogre
 11650 | D:11     | XOM: torment (44/86 hp)
 11783 | D:11     | Noticed a two-headed ogre
 11783 | D:11     | XOM: 3-stop teleportation journey
 11786 | D:11     | Killed a two-headed ogre
 11901 | D:11     | XOM: give mutations
 11901 | D:11     | Lost mutation: You possess an exceptional clarity of mind.
                  | [Xom's mischief]
 11901 | D:11     | Lost mutation: You occasionally lose the ability to drink
                  | potions when taking damage. [Xom's mischief]
 11901 | D:11     | Lost mutation: Your spells are a little easier to cast, but
                  | a little less powerful. [Xom's mischief]
 11906 | D:11     | XOM: silly message
 11923 | D:11     | XOM: summons 2 hostile shadow creatures
 11934 | D:11     | Killed from afar by a vampire

Illustrated notes

Levels and vault maps discovered:
D:1:      dpeg_arrival_solitude, layout_loops_ring
D:2:      layout_basic, basic_altar
D:3:      layout_basic, serial_rivers, chequers_serial_rivers_marsh,
          chequers_serial_rivers_room_a, chequers_serial_rivers_large_b,
          chequers_serial_rivers_small_a, chequers_serial_rivers_marsh,
          chequers_serial_rivers_micro_e, gup_sewer_entry_spiral, uniq_robin
D:4:      layout_basic, fedhas_altar_fruit_tree, mainiacjoe_overflow_chevrons,
          minmay_temple_entry_mist, serial_shops, nicolae_shop_advertising_works
          [nicolae_subvault_shop_adworks]
D:5:      layout_basic, gammafunk_ghost_hive, st_stairs_14
D:6:      layout_basic, mainiacjoe_overflow_24_doors,
          mainiacjoe_overflow_large_starburst, serial_shops, shop,
          uniq_prince_ribbit1
D:7:      layout_basic, mainiacjoe_overflow_alcove_1, serial_curves,
          eino_curves_04, eino_curves_02, enter_ossuary_2, uniq_duvessa
D:8:      layout_loops_ring, david_lair_generic, hangedman_decor_riveting,
          kennysheep_generic_room_2
D:9:      layout_roguey, slow_altar_2
D:10:     layout_rooms, serial_ice, serial_ice_b, serial_ice_c, serial_ice_e,
          serial_ice_o, serial_ice_a, serial_ice_i, serial_ice_m, serial_ice_f
D:11:     minmay_quarter_circles, layout_irregular_city, david_orc_2
Temple:   hellmonk_temple_divided_pantheon

Skill      XL: |  1  2  3  4  5  6  7  8  9 10 11 |
---------------+----------------------------------+-----
Dodging        | 1 2 3 4 5 6 |  6.9
Armour         | 2 3 4 5 6 7 |  7.2
Stealth        | 1 2 3 4 |  4.4
Polearms       | 1 2 3 4 |  4.7
Spellcasting   | 1 2 3 4 |  4.0
Fighting       | 4 5 6 7 8 |  8.2
Axes           | 4 5 6 7 8 |  8.1
Evocations     | 1 3 4 5 6 |  6.0
Alchemy        | 1 2 3 4 |  4.9
Unarmed Combat | |  0.1

Action                     |  1- 3 |  4- 6 |  7- 9 | 10-12 || total
---------------------------+-------+-------+-------+-------++-------
  Melee: Hand axe          |    61 |    80 |   254 |    13 ||   408
         Dagger            |    35 |       |       |       ||    35
         War axe           |    30 |    38 |       |       ||    68
         Headbutt          |     1 |     9 |    41 |    20 ||    71
         Spear             |       |    47 |   152 |       ||   199
         Mace              |       |       |   115 |   272 ||   387
         Flail             |       |       |       |   256 ||   256
  Evoke: Wand              |       |       |       |     5 ||     5
    Use: Scroll            |     1 |       |     9 |    22 ||    32
         Potion            |       |     4 |     4 |    18 ||    26
   Stab: Sleeping          |     1 |       |       |     1 ||     2
         Invisible         |       |     5 |     2 |       ||     7
         Paralysed         |       |       |     4 |       ||     4
         Confused          |       |       |     3 |       ||     3
 Armour: Leather armour    |    56 |    40 |       |       ||    96
         Chain mail        |       |    27 |   205 |       ||   232
         Scale mail        |       |       |    10 |   497 ||   507
         Skin              |       |       |       |     6 ||     6
  Dodge: Dodged            |    38 |    56 |   115 |   413 ||   622

Table legend: (Time is in decaauts)
 A = Elapsed time spent in this place.
 B = Non-inter-level travel time spent in this place.
 C = Inter-level travel time spent in this place.
 D = Time resting spent in this place.
 E = Time spent auto-exploring this place.
 F = Levels seen in this place.
 G = Mean time per level.
                   A        B        C        D        E       F      G
               +--------+--------+--------+--------+--------+-----+--------+
         Total |  12208 |  11437 |    771 |    584 |   8602 |  14 |  872.0 |
       Dungeon |  11535 |  10764 |    771 |    575 |   8181 |  11 | 1048.6 |
        Temple |      1 |      1 |      0 |      0 |      0 |   1 |    1.0 |
         Sewer |    492 |    492 |      0 |      9 |    318 |   1 |  492.0 |
       Ossuary |    178 |    178 |      0 |      0 |    103 |   1 |  178.0 |
               +--------+--------+--------+--------+--------+-----+--------+

Top non-repeatable levels by time:
     D:3: 1609 daAuts
     D:4: 1485 daAuts
     D:7: 1374 daAuts
     D:6: 1166 daAuts
    D:10: 1112 daAuts
     D:8: 1006 daAuts
     D:5: 959 daAuts
    D:11: 769 daAuts
     D:1: 758 daAuts
     D:9: 738 daAuts
     D:2: 556 daAuts
   Sewer: 492 daAuts
 Ossuary: 178 daAuts
  Temple: 1 daAuts
